 Dungeon Crawl Stone Soup version 0.28.0-49-g6dfe1f597d (webtiles) character file.

Game seed: 18205293902024843018

422 nickcage the Vexing (level 6, -9/28 HPs)
             Began as a Spriggan Enchanter on May 11, 2022.
             Killed from afar by a white imp (10 damage)
             ... with a puff of frost
             ... summoned by Eustachio
             ... on level 4 of the Dungeon.
             The game lasted 00:10:05 (4659 turns).

nickcage the Vexing (Spriggan Enchanter)            Turns: 4659, Time: 00:10:05

Health: -9/28      AC:  2    Str:  4    XL:     6   Next: 63%
Magic:  12/12      EV: 17    Int: 18    God:
Gold:   161        SH:  0    Dex: 16    Spells: 8/11 levels left

rFire   . . .      SeeInvis +   a - +1 dagger
rCold   . . .      Faith    .   (no shield)
rNeg    . . .      Spirit   .   b - +0 robe
rPois   .          Reflect  .   (helmet restricted)
rElec   .          Harm     .   e - scarf {shadows}
rCorr   +          Rampage  .   (gloves unavailable)
Will    +....                   (boots unavailable)
Stlth   +++.......              (no amulet)
HPRegen 0.09/turn               q - ring of resist corrosion
MPRegen 0.13/turn               (no ring)

@: very quick
A: very small, no large weapons, unfitting armour, see invisible, speed 3
a: no special abilities


You were on level 4 of the Dungeon.
You visited 1 branch of the dungeon, and saw 4 of its levels.

You collected 161 gold pieces.

Inventory:

Hand Weapons
 a - a +1 dagger (weapon)
Missiles
 c - a throwing net
Armour
 b - a +0 robe (worn)
 e - a scarf of shadows (worn)
Jewellery
 q - a ring of resist corrosion (left hand)
Wands
 l - a wand of paralysis (6)
 p - a wand of flame (19)
Scrolls
 d - a scroll of fear {unknown}
 g - a scroll of amnesia {unknown}
 j - 2 scrolls of teleportation {unknown}
 m - a scroll of holy word {unknown}
 o - a scroll of identify {unknown}
Potions
 f - a potion of brilliance {unknown}
 h - a potion of berserk rage {unknown}
 i - 3 potions of degeneration {unknown}
 k - a potion of heal wounds {unknown}
 n - a potion of magic {unknown}


   Skills:
 + Level 5.5 Short Blades
 - Level 2.6 Dodging
 - Level 4.4 Stealth
 - Level 3.3 Spellcasting
 - Level 6.0 Hexes
 * Level 1.1 Transmutations
 * Level 0.8 Poison Magic


You had 8 spell levels left.
You knew the following spells:

 Your Spells              Type           Power      Damage    Failure   Level
a - Ensorcelled Hibernat  Hex/Ice        26%        N/A       7%          2
b - Sting                 Tmut/Pois      24%        1d4       11%         1

Your spell library contained the following spells:

 Spells                   Type           Power      Damage    Failure   Level
 Confusing Touch          Hex            24%        N/A       3%          3
 Tukima's Dance           Hex            24%        N/A       3%          3
 Dazzling Flash           Conj/Hex       26%        N/A       14%         3
 Poisonous Vapours        Pois/Air       8%         N/A       21%         2
 Ignite Poison            Fire/Tmut/Pois 5%         N/A       34%         3
 Conjure Flame            Conj/Fire      3%         6-21      43%         3
 Olgreb's Toxic Radiance  Pois           6%         N/A       73%         4
 Ice Form                 Ice/Tmut       5%         N/A       77%         4
 Hailstorm                Conj/Ice       3%         3d3       83%         4
 Sticky Flame             Conj/Fire      3%         2d3       83%         4
 Simulacrum               Ice/Necr       1%         N/A       100%        6


Dungeon Overview and Level Annotations

Branches:
Dungeon (4/15)
 Temple: D:4-7

Altars:
Trog
Yredelemnul

Annotations:
D:4 Eustachio


Innate Abilities, Weirdness & Mutations

You are very small and have problems with some larger weapons.
You are too small for most types of armour.
You have supernaturally acute eyesight. (SInv)
You cover ground extremely quickly. (Speed+++)


Message History

You closely miss Eustachio.
Eustachio is lightly wounded.
Eustachio casts a spell.
Eustachio blinks!
The bat closely misses you. The bat hits you but does no damage.
The bat closely misses you. The bat misses you.
You open the door. The bat misses you.
There is an open door here.
A worm comes into view.
The bat hits you but does no damage. The bat barely misses you.
There is a stone staircase leading up here.
You climb upwards.
There is a stone staircase leading down here.
You start resting.
Magic restored.
You start resting.
HP restored.
You climb downwards.
Level annotation: Eustachio
There is a stone staircase leading up here.
There is an open door here.
You now have 161 gold pieces (gained 12).
Found 2 poisoned darts and 10 gold pieces.
Eustachio casts a spell.
Eustachio blinks!
Eustachio casts a spell.
The ufetubus closely misses you. The ufetubus barely misses you.
Eustachio calls on the powers of shadow!
Eustachio hits you with a +0 rapier! The white imp gestures at you.
The puff of frost hits you!
* * * LOW HITPOINT WARNING * * *
The ufetubus hits you.
* * * LOW HITPOINT WARNING * * *
The ufetubus misses you. The white imp gestures at you.
The puff of frost hits you!
You die...

.# ####.## #.....# #.....#
.###.....# .....5.$.#
##....@.# ........5######
##+## .###....@#..... .....
####....##### .....#
###......# ......
#.....####.# ....##.#
#.##### #.# ........ #. #.#
.......# #.# #######.#
...)...###.w #.......#
.......#...#####.####.#####


You could see Eustachio, a white imp (summoned) and an ufetubus (summoned).

Vanquished Creatures
  Menkaure (D:4)
  An ogre (D:4)
  A hound (D:4)
  An iguana (D:4)
  2 orc wizards (D:3)
  A hound skeleton (D:4)
  3 adders
  A worm (D:3)
  6 orcs
  7 endoplasms
  2 giant cockroaches
  7 goblins
  5 hobgoblins
  3 jackals (D:4)
  A quokka (D:2)
  3 ball pythons
  4 bats
  4 frilled lizards
  8 kobolds
  6 rats
67 creatures vanquished.

Vanquished Creatures (others)
  An endoplasm (D:3)
  A kobold (D:3)
2 creatures vanquished.

Grand Total: 69 creatures vanquished

Notes
Turn   | Place    | Note
-------+----------+-------------------------------------------
     0 | D:1      | nickcage the Spriggan Enchanter began the quest for the
                  | Orb.
     0 | D:1      | Reached XP level 1. HP: 9/9 MP: 5/5
   246 | D:1      | Reached skill level 4 in Hexes
   384 | D:1      | Reached XP level 2. HP: 13/13 MP: 6/6
   387 | D:1      | Learned a level 2 spell: Ensorcelled Hibernation
   919 | D:1      | Found a faded altar of an unknown god.
  1595 | D:2      | Found a basalt altar of Yredelemnul.
  1605 | D:2      | Reached skill level 5 in Hexes
  1774 | D:2      | Reached XP level 3. HP: 16/16 MP: 8/8
  2807 | D:3      | Reached XP level 4. HP: 16/21 MP: 4/9
  3113 | D:3      | Reached skill level 6 in Hexes
  3489 | D:3      | Found a bloodstained altar of Trog.
  3831 | D:4      | Reached XP level 5. HP: 18/24 MP: 11/11
  3907 | D:4      | Noticed an ogre
  3914 | D:4      | Killed an ogre
  4042 | D:4      | Noticed Menkaure
  4047 | D:4      | Killed Menkaure
  4048 | D:4      | Reached skill level 5 in Short Blades
  4048 | D:4      | Reached XP level 6. HP: 28/28 MP: 12/12
  4050 | D:4      | Learned a level 1 spell: Sting
  4502 | D:4      | Noticed Eustachio
  4507 | D:4      | Reached skill level 1 in Transmutations
  4658 | D:4      | HP: 1/28 [ufetubus[Eustachio] (5)]
  4659 | D:4      | Killed from afar by a white imp

Illustrated notes

Levels and vault maps discovered:
D:1:      scummos_arrival_star, layout_loops_ring,
          hellmonk_ecumenical_altar_inner_sanctum, kennysheep_small_spiral
D:2:      layout_rooms, basic_altar, nrook_uturn
D:3:      layout_loops_ring, trog_hazing_becter, minmay_misc_feat_roman,
          lemuel_old_faithful
D:4:      layout_basic, uniq_duvessa, uniq_eustachio, uniq_menkaure

Skill      XL: |  1  2  3  4  5  6 |
---------------+-------------------+-----
Hexes          | 4 5 6 |  6.0
Spellcasting   | 3 |  3.3
Short Blades   | 2 5 |  5.5
Transmutations | 1 |  1.1
Dodging        | |  2.6
Stealth        | |  4.4
Poison Magic   | |  0.8

Action                   |  1- 3 |  4- 6 || total
-------------------------+-------+-------++-------
Melee: Dagger            |    98 |    84 ||   182
       Punch             |     2 |     2 ||     4
 Cast: Ensorcelled Hiber |    24 |    29 ||    53
  Use: Potion            |       |     1 ||     1
 Stab: Sleeping          |    23 |    17 ||    40
       Invisible         |       |     4 ||     4
Armor: Robe              |     6 |     6 ||    12
Dodge: Dodged            |    66 |    83 ||   149
